 Dungeon Crawl Stone Soup version 0.30-b1-2-g02819fbbbe (webtiles) character file.

Game seed: 15735512911032951587

1 seren the Conjurer (level 1, -2/12 HPs)
             Began as a Tengu Reaver on Dec 26, 2023.
             Frozen to death by an endoplasm (4 damage)
             ... on level 1 of the Dungeon.
             The game lasted 00:02:47 (83 turns).

seren the Conjurer (Tengu Reaver)                     Turns: 83, Time: 00:02:48

Health: -2/12      AC:  3    Str: 12    XL:     1   Next: 20%
Magic:  4/4        EV: 11    Int: 13    God:
Gold:   0          SH:  0    Dex: 12    Spells: 3/4 levels left

rFire   . . .        a - +0 falchion
rCold   . . .        (no shield)
rNeg    . . .        b - +0 leather armour
rPois   .            (helmet restricted)
rElec   .            (no cloak)
rCorr   .            (no gloves)
SInv    .            (boots unavailable)
Will    .....        (no amulet)
Stlth   +            (no ring)
HPRegen 0.22/turn    (no ring)
MPRegen 0.09/turn

%: no passive effects
@: no status effects
A: beak, talons 3
a: no special abilities


You were on level 1 of the Dungeon.
You visited 1 branch of the dungeon, and saw 1 of its levels.

Inventory:

Hand Weapons
 a - a +0 falchion (weapon)
Armour
 b - a +0 leather armour (worn)
Scrolls
 c - a scroll of immolation {unknown}


   Skills:
 + Level 2.0 Fighting
 + Level 3.2 Long Blades
 + Level 2.1 Dodging
 - Level 2.0 Spellcasting
 + Level 4.1 Conjurations


You had 3 spell levels left.
You knew the following spells:

 Your Spells              Type           Power      Damage    Failure   Level
a - Kiss of Death         Conj/Necr      24%        2d7       14%         1

Your spell library contained the following spells:

 Spells                   Type           Power      Damage    Failure   Level
 Momentum Strike          Conj/Tloc      12%        3d8       22%         2
 Hailstorm                Conj/Ice       6%         3d4       38%         3


Dungeon Overview and Level Annotations

Branches:
Dungeon (1/15)

Altars:


Innate Abilities, Weirdness & Mutations

You have a beak for a mouth.
You have claws for feet.


Message History

Casting: Kiss of Death (safe; 14% risk of failure)
Confirm with . or Enter, or press ? or * to list all spells.
Okay, then.
You're too inexperienced to learn that spell!
Okay, then.
Casting: Kiss of Death (safe; 14% risk of failure)
Confirm with . or Enter, or press ? or * to list all spells.
Okay, then.
c - a scroll labelled UZXAK WO REETO A quokka comes into view.
The quokka barely misses you. The quokka closely misses you.
You closely miss the quokka. You peck the quokka, but do no damage.
The quokka closely misses you.
You closely miss the quokka. Your kick misses the quokka.
You peck the quokka, but do no damage. The quokka bites you.
You miss the quokka. Your peck misses the quokka.
The quokka bites you but does no damage.
You hit the quokka.
The quokka is almost dead.
The quokka closely misses you. The quokka bites you.
You slash the quokka!
You kill the quokka!
An endoplasm comes into view.
The endoplasm quivers.
A giant cockroach comes into view.
The endoplasm freezes you.
You are frozen.
The endoplasm attacks as you move away! The endoplasm closely misses you.
The endoplasm attacks as you move away! The endoplasm hits you.
* * * LOW HITPOINT WARNING * * *
You barely miss the endoplasm. The endoplasm hits you.
* * * LOW HITPOINT WARNING * * *
You hit the endoplasm. You claw the endoplasm.
The endoplasm is almost dead.
The endoplasm freezes you.
You are frozen.
* * * LOW HITPOINT WARNING * * *
The endoplasm freezes you.
You are frozen.
You die...

................#
#######.........#....
......#.............#
#.....#.........##..
<..#.##.........#
##.#.###........##
##....##.......B#
####..#####..#J#
#.#..## ####@#
########..#####..#
#..# #..##.##.###
##.## ##.......#
##.#######.#.##
#...###...###
#.......###
##.###.### ##..##..#


You could see an endoplasm and a giant cockroach.

Vanquished Creatures
  A quokka (D:1)
1 creature vanquished.

Notes
Turn   | Place    | Note
-------+----------+-------------------------------------------
     0 | D:1      | seren the Tengu Reaver began the quest for the Orb.
     0 | D:1      | Reached XP level 1. HP: 12/12 MP: 4/4
    83 | D:1      | Frozen to death by an endoplasm

Illustrated notes

Levels and vault maps discovered:
D:1:      lemuel_arrival_tunnels, layout_rooms, minmay_bisected

Action                     || total
---------------------------++-------
  Melee: Falchion          ||     7
         Peck              ||     2
         Kick              ||     1
 Armour: Leather armour    ||     1
  Dodge: Dodged            ||     5
